 Dungeon Crawl Stone Soup version 0.27.1-34-g3ba077fa99 (webtiles) character file.

Game seed: 12461800000022536561

19 zeram the Skirmisher (level 2, -1/20 HPs)
             Began as a Gargoyle Fighter on Jan 19, 2022.
             Slain by a quokka (2 damage)
             ... on level 1 of the Dungeon.
             The game lasted 00:00:59 (383 turns).

zeram the Skirmisher (Gargoyle Fighter)              Turns: 383, Time: 00:00:59

Health: -1/20      AC:  9    Str: 19    XL:     2   Next: 75%
Magic:  2/2        EV:  7    Int:  8    God:
Gold:   0          SH:  9    Dex:  9    Spells: 1/1 levels left

rFire    . . .     SeeInvis .   a - +0 flail
rCold    . . .     Faith    .   c - +0 kite shield
rNeg     + . .     Spirit   .   b - +0 scale mail
rPois    ∞         Reflect  .   (no helmet)
rElec    +         Harm     .   (no cloak)
rCorr    .         Rampage  .   (no gloves)
Will     .....                  (no boots)
Stlth    ..........             (no amulet)
HPRegen  0.06/turn              (no ring)
MPRegen  0.08/turn              (no ring)

@: no status effects
A: sickness immunity, AC +2, negative energy resistance 1, electricity
resistance, torment resistance 1, petrification resistance
a: no special abilities


You were on level 1 of the Dungeon.
You visited 1 branch of the dungeon, and saw 1 of its levels.

Inventory:

Hand Weapons
 a - a +0 flail (weapon)
 f - a +0 club
Armour
 b - a +0 scale mail (worn)
 c - a +0 kite shield (worn)
Magical Staves
 g - a staff of death
Scrolls
 e - a scroll of teleportation {unknown}
Potions
 d - a potion of might


   Skills:
 + Level 3.6 Fighting
 + Level 2.1 Maces & Flails
 + Level 3.6 Armour
 + Level 0.1 Dodging
 + Level 3.5 Shields


You had one spell level left.
You didn't know any spells.
Your spell library was empty.

Dungeon Overview and Level Annotations

Branches:
Dungeon (1/15)

Altars:

Shops:
D:1 =


Innate Abilities, Weirdness & Mutations

You are immune to sickness and miasma.
Your stone body is resilient. (AC +2)
You are immune to poison.
You resist negative energy. (rN+)
You are resistant to electric shocks. (rElec)
You are resistant to unholy torment.
You are immune to petrification.


Message History

You are too injured to fight recklessly!
You are too injured to fight recklessly!
You are too injured to fight recklessly!
You are too injured to fight recklessly!
You are too injured to fight recklessly!
You are too injured to fight recklessly!
You are too injured to fight recklessly!
You are too injured to fight recklessly!
You are too injured to fight recklessly!
Unknown command.
Your shield and scale mail prevent you from hitting the quokka.
You block the quokka's attack.
The quokka bites you but does no damage.
You closely miss the quokka. You block the quokka's attack.
The quokka bites you but does no damage.
The dart slug launches a dart at you.
The slug dart hits you but does no damage.
You closely miss the quokka. The quokka bites you.
* * * LOW HITPOINT WARNING * * *
The dart slug launches a dart at you. You block the slug dart.
You block the quokka's attack.
You closely miss the quokka.
The quokka bites you but does no damage.
You closely miss the quokka.
The quokka bites you but does no damage. x2
You barely miss the quokka. The quokka barely misses you.
The dart slug barely misses you. You block the quokka's attack.
You hit the quokka.
The quokka is heavily wounded.
You block the quokka's attack. The dart slug launches a dart at you.
The slug dart hits you.
* * * LOW HITPOINT WARNING * * *
The quokka bites you.
* * * LOW HITPOINT WARNING * * *
Unknown command.
You closely miss the quokka.
The quokka is heavily wounded.
The quokka bites you.
You die...

##.### ...
#.#.. #...##
#..#.##. ###..#
.###.#.... ##.#
######
#........## #.#
#....#
####......#
###.###....#
♣♣♣♣♣.♣♣
#..........####
♣......<
###).##........


♣.PPPPP. #...w@......# ♣.P≈≈≈P. ##.##)r..##.# ♣.P≈8≈P. #.##....# ♣.P≈≈≈P.
#.......# ♣.PPPPP. #..##.?..[ ♣....... .... #..#.# ♣♣♣♣♣♣♣♣ ###.# # You could
see a dart slug and a quokka.

Vanquished Creatures
  A ball python (D:1)
  A bat (D:1)
  An endoplasm (D:1)
  A giant cockroach (D:1)
  3 goblins (D:1)
  3 hobgoblins (D:1)
  2 frilled lizards (D:1)
  4 kobolds (D:1)
16 creatures vanquished.

Notes
Turn   | Place    | Note
-------+----------+-------------------------------------------
     0 | D:1      | zeram the Gargoyle Fighter began the quest for the Orb.
     0 | D:1      | Reached XP level 1. HP: 14/14 MP: 1/1
    47 | D:1      | Reached XP level 2. HP: 9/19 MP: 2/2
   284 | D:1      | Found Rijumiga's Jewellery Shoppe.
   382 | D:1      | HP: 1/20 [quokka (2)]
   383 | D:1      | Slain by a quokka

Illustrated notes

Levels and vault maps discovered:
D:1:      tarquinn_simple_flora_water_a, layout_rooms, serial_shops, shop,
          minmay_pentomino_r4

Action                   || total
-------------------------++-------
Melee: Flail             ||    47
Armor: Scale mail        ||    26
Dodge: Dodged            ||    14
Block: Kite shield       ||    23
